 Dungeon Crawl Stone Soup version 0.31-a0-1405-g2bb1a01 (webtiles) character file.

Game seed: 7647304905314024273

13568 samfromsteam the Fighter (level 11, -4/104 HPs)
             Began as a Minotaur Fighter on Dec 25, 2023.
             Was a Priest of the Shining One.
             Slain by an ice beast (12 damage)
             ... summoned by Fannar
             ... on level 10 of the Dungeon.
             The game lasted 00:23:57 (9662 turns).

samfromsteam the Fighter (Minotaur Fighter)         Turns: 9662, Time: 00:23:59

Health: -4/104     AC: 17    Str: 24    XL:     11   Next: 77%
Magic:  10/10      EV:  9    Int:  5    God:    the Shining One [***...]
Gold:   528        SH:  0    Dex: 11    Spells: 10/10 levels left

rFire   . . .        q - +2 dire flail (holy)
rCold   . . .        (shield currently unavailable)
rNeg    + . .        l - +4 chain mail {rPois}
rPois   +            (helmet restricted)
rElec   .            (no cloak)
rCorr   .            (no gloves)
SInv    .            o - +0 pair of boots
Will    .....        (no amulet) Stlth
                     D - ring of poison resistance
HPRegen 0.37/turn    (no ring)
MPRegen 0.12/turn

%: no passive effects
@: glowing
A: horns 2, retaliatory headbutt
a: Renounce Religion, Divine Shield, Cleansing Flame


You were on level 10 of the Dungeon.
You worshipped the Shining One.
The Shining One was most pleased with you.
You visited 2 branches of the dungeon, and saw 11 of its levels.

You collected 528 gold pieces.

Inventory:

Hand Weapons
 g - a +1 heavy mace
 q - a +2 dire flail of holy wrath (weapon)
 H - a +2 morningstar of protection
Missiles
 F - 4 throwing nets {!f}
Armour
 c - a +0 buckler
 l - a +4 chain mail of poison resistance (worn)
 o - a +0 pair of boots (worn)
 N - a +0 scale mail of fire resistance
Jewellery
 D - a ring of poison resistance (left hand)
Talismans
 G - a maw talisman
Wands
 r - a wand of paralysis (7)
 t - a wand of polymorph (16)
 M - a wand of acid (5)
Scrolls
 e - 6 scrolls of amnesia {unknown}
 f - a scroll of vulnerability {unknown}
 i - 2 scrolls of enchant armour {unknown}
 j - a scroll of noise {unknown}
 k - 6 scrolls of identify {unknown}
 u - a scroll of enchant weapon {unknown}
 v - 5 scrolls of immolation {unknown}
 w - 2 scrolls of teleportation
 y - a scroll of fog {unknown}
 E - 2 scrolls of revelation {unknown}
 J - 2 scrolls of fear {unknown}
 K - a scroll of blinking {unknown}
 L - a scroll of poison {unknown}
Potions
 a - 2 potions of degeneration {unknown}
 d - 2 potions of might
 h - 8 potions of curing {unknown}
 m - 2 potions of lignification {unknown}
 n - 3 potions of attraction {unknown}
 p - 2 potions of enlightenment {unknown}
 s - a potion of heal wounds {unknown}
 x - a potion of berserk rage {unknown}
 z - 2 potions of magic {unknown}
 A - a potion of invisibility {unknown}
 B - a potion of haste {unknown}
 C - a potion of brilliance {unknown}


   Skills:
 + Level 12.1 Fighting
 + Level 11.7(13.6) Axes
 + Level 11.3(13.3) Maces & Flails
 + Level 12.0 Armour
 - Level 3.9 Shields


You had 10 spell levels left.
You didn't know any spells.
Your spell library contained the following spells:

 Spells                   Type           Power      Damage    Failure   Level
 Apportation              Tloc           0%         N/A       91%         1
 Necrotise                Necr           0%         1d4       91%         1
 Jinxbite                 Hex            0%         N/A       97%         2
 Sublimation of Blood     Necr           0%         N/A       97%         2
 Vampiric Draining        Necr           0%         2d6       99%         3
 Petrify                  Alch/Erth      0%         N/A       100%        4
 Agony                    Necr           0%         N/A       100%        5
 Alistair's Intoxication  Alch           0%         N/A       100%        5
 Irradiate                Conj/Alch      0%         3d11      100%        5
 Simulacrum               Ice/Necr       0%         N/A       100%        6
 Ozocubu's Refrigeration  Ice            0%         4d7       100%        7
 Polar Vortex             Ice            0%         N/A       100%        9


Dungeon Overview and Level Annotations

Branches:
Dungeon (10/15)            Temple (1/1) D:5            Lair (0/5) D:9
    Orc: D:9-12

Altars:
Ashenzari
Cheibriados
Dithmenos
Elyvilon
Fedhas
Gozag
Hepliaklqana
Kikubaaqudgha
Makhleb
Nemelex Xobeh
Okawaru
Qazlal
Ru
Sif Muna
Trog
Uskayaw
Vehumet
Wu Jian
Xom
Yredelemnul
Zin
The Shining One

Shops:
D:9 :   D:10 *

Annotations:
D:10 Fannar


Innate Abilities, Weirdness & Mutations

You have a pair of horns on your head.
You reflexively headbutt those who attack you in melee.


Message History

Fannar is heavily wounded.
The ice beast hits you but does no damage.
The ice beast barely misses you. You furiously retaliate!
You headbutt the ice beast! The centaur warrior hits you!
The centaur warrior barely misses you.
Unknown command.
Unknown command.
You closely miss Fannar.
Fannar is heavily wounded.
Fannar hits you with a +0 quarterstaff of freezing!
Fannar freezes you.
* * * LOW HITPOINT WARNING * * *
The ogre mage hits you from afar with a +0 spear!
* * * LOW HITPOINT WARNING * * *
The ice beast closely misses you.
The ice beast hits you but does no damage.
The centaur warrior hits you but does no damage.
The centaur warrior kicks you but does no damage.
Unknown command.
As you read the scroll labelled UGOUNG HETOTIPN, it crumbles to dust.
You feel strangely unstable.
It was a scroll of teleportation.
The centaur warrior hits you but does no damage.
The centaur warrior kicks you but does no damage.
Fannar gestures wildly while chanting.
The ice beast hits you but does no damage.
The ice beast barely misses you. You furiously retaliate!
You headbutt the ice beast!
As you read the scroll of teleportation, it crumbles to dust.
You feel strangely stable. The centaur warrior closely misses you.
You furiously retaliate!
You headbutt the centaur warrior!
The centaur warrior kicks you but does no damage.
The ogre mage hits you but does no damage.
Fannar hits you with a +0 quarterstaff of freezing!
* * * LOW HITPOINT WARNING * * *
Fannar freezes you.
* * * LOW HITPOINT WARNING * * *
The ice beast hits you.
* * * LOW HITPOINT WARNING * * *
The ice beast freezes you!
You die...

..###. .... ...##. ....
###########..##.
~..###....#.......##.
#...........#....#..
..........###...#..
##..###...#.....#..
##...##.......†.#..
#e@Y†...........#..
......Y.c............#..
.....O..Y....#..........
.......##....###........
....... ....## #....#...
........)...# #........
#....[....... ......##..
#...##.............. #..
....... #..


You could see Fannar, a centaur warrior, an ogre mage and 3 ice beasts.

Vanquished Creatures
  Harold (D:10)
  2 two-headed ogres
  An elephant (D:9)
  A troll (D:9)
  Psyche (D:10)
  Grinder (D:6)
  The ghost of arrowsters the Trooper, an amateur OnMo (D:3)
  A wyvern (D:10)
  Eustachio (D:6)
  2 shadows
  32 yaks
  A steam dragon (D:10)
  7 vampire mosquitoes
  Menkaure (D:7)
  Grum (D:9)
  Edmund (D:4)
  A water moccasin (D:6)
  3 orc warriors
  The ghost of DispaterIsMyDaddy the Conjurer, an amateur OnCj (D:3)
  2 black bears
  2 sky beasts
  2 wolves
  3 ogres
  2 kobold brigands
  A gnoll sergeant (D:8)
  6 bullfrogs
  A scorpion (D:4)
  3 wights (D:9)
  19 killer bees
  3 howler monkeys (D:7)
  An electric eel (D:9)
  A bombardier beetle (D:4)
  A jelly (D:7)
  7 orc priests
  A gnoll bouda (D:5)
  A hound (D:5)
  2 sleepcaps
  Jessica (D:2)
  6 iguanas
  Ijyb (D:4)
  8 orc wizards
  Natasha (thrice) (D:4)
  Robin (D:2)
  7 adders
  7 gnolls
  A shadow imp (D:5)
  2 white imps
  A worm (D:4)
  2 dart slugs (D:1)
  20 orcs
  9 ball pythons
  A bat (D:1)
  8 endoplasms
  4 giant cockroaches
  14 goblins
  9 hobgoblins
  5 jackals
  16 kobolds
  2 quokkas (D:1)
  A frilled lizard (D:1)
  3 rats
250 creatures vanquished.

Notes
Turn   | Place    | Note
-------+----------+-------------------------------------------
     0 | D:1      | samfromsteam the Minotaur Fighter began the quest for the
                  | Orb.
     0 | D:1      | Reached XP level 1. HP: 19/19 MP: 0/0
    93 | D:1      | Reached XP level 2. HP: 27/27 MP: 1/1
   427 | D:1      | Reached XP level 3. HP: 32/33 MP: 2/2
  1055 | D:2      | Noticed Jessica
  1061 | D:2      | Killed Jessica
  1062 | D:2      | Reached skill level 1 in Maces & Flails
  1062 | D:2      | Reached XP level 4. HP: 19/41 MP: 3/3
  1235 | D:2      | Noticed Robin
  1248 | D:2      | Killed Robin
  1985 | D:3      | Found an ancient bone altar of Kikubaaqudgha.
  2284 | D:3      | Reached XP level 5. HP: 44/47 MP: 4/4
  2331 | D:3      | Found a runed translucent gate.
  2331 | D:3      | Found a runed translucent gate.
  2331 | D:3      | Found a runed translucent gate.
  2336 | D:3      | Noticed arrowsters's ghost (amateur OnMo)
  2336 | D:3      | Noticed DispaterIsMyDaddy's ghost (amateur OnCj)
  2767 | D:4      | Reached skill level 5 in Fighting
  2767 | D:4      | Reached skill level 5 in Armour
  2771 | D:4      | Noticed Edmund
  2772 | D:4      | Noticed Ijyb
  2778 | D:4      | Paralysed by Ijyb for 4 turns
  2785 | D:4      | Killed Edmund
  2786 | D:4      | Reached XP level 6. HP: 32/56 MP: 5/5
  2790 | D:4      | Paralysed by Ijyb for 5 turns
  2797 | D:4      | Paralysed by Ijyb for 5 turns
  2803 | D:4      | Killed Ijyb
  2973 | D:4      | Noticed Natasha
  2977 | D:4      | Killed Natasha
  3099 | D:4      | Noticed Natasha
  3106 | D:4      | Killed Natasha
  3107 | D:4      | Reached skill level 5 in Axes
  3107 | D:4      | Reached XP level 7. HP: 56/62 MP: 6/6
  3183 | D:4      | Noticed Natasha
  3190 | D:4      | Killed Natasha
  3212 | D:3      | Killed arrowsters's ghost
  3216 | D:3      | Killed DispaterIsMyDaddy's ghost
  3272 | D:5      | Entered Level 5 of the Dungeon
  3290 | D:5      | Found a staircase to the Ecumenical Temple.
  3527 | D:5      | Found a hide-covered altar of Uskayaw.
  3569 | Temple   | Entered the Ecumenical Temple
  3939 | D:5      | Reached skill level 5 in Maces & Flails
  3939 | D:5      | Reached XP level 8. HP: 42/71 MP: 7/7
  4157 | D:5      | Found a basalt altar of Yredelemnul.
  4164 | D:5      | Found a glowing golden altar of the Shining One.
  4164 | D:5      | Found a snail-covered altar of Cheibriados.
  4173 | D:5      | Became a worshipper of the Shining One
  4176 | D:5      | Found a bloodstained altar of Trog.
  4219 | D:6      | Noticed Grinder
  4354 | D:6      | Killed Grinder
  4367 | D:6      | Noticed Eustachio
  4397 | D:6      | Killed Eustachio
  4689 | D:6      | Found a burning altar of Makhleb.
  4958 | D:7      | Noticed Menkaure
  4974 | D:7      | Killed Menkaure
  4975 | D:7      | Reached XP level 9. HP: 30/81 MP: 8/8
  5487 | D:7      | Reached * piety under the Shining One
  6512 | D:8      | Found an opulent altar of Gozag.
  6513 | D:8      | Found an iron altar of Okawaru.
  6896 | D:9      | Noticed Grum
  6898 | D:9      | Found a shimmering altar of Xom.
  6936 | D:8      | Reached XP level 10. HP: 41/91 MP: 9/9
  7097 | D:9      | Noticed a two-headed ogre
  7428 | D:9      | Noticed an elephant
  7608 | D:9      | Reached ** piety under the Shining One
  7671 | D:9      | Reached skill level 10 in Fighting
  7688 | D:9      | Reached skill level 10 in Armour
  7713 | D:9      | Found a staircase to the Lair.
  7782 | D:9      | Killed Grum
  7836 | D:9      | Found Muduapn's Book Boutique.
  7944 | D:9      | Reached skill level 10 in Axes
  8176 | D:9      | Killed an elephant
  8221 | D:9      | Killed a two-headed ogre
  8222 | D:9      | Reached skill level 10 in Maces & Flails
  8222 | D:9      | Reached XP level 11. HP: 101/101 MP: 10/10
  8352 | D:10     | Entered Level 10 of the Dungeon
  8482 | D:10     | Noticed Psyche
  8492 | D:10     | Killed Psyche
  8495 | D:10     | Noticed a two-headed ogre
  8498 | D:10     | Killed a two-headed ogre
  8532 | D:10     | Found a glowing silver altar of Zin.
  8536 | D:10     | Noticed an angel
  8545 | D:10     | Found Wiados's Gadget Gallery.
  8890 | D:10     | Found an ornate altar of the Wu Jian Council.
  8972 | D:10     | Noticed Harold
  8993 | D:10     | Killed Harold
  9297 | D:10     | Reached *** piety under the Shining One
  9640 | D:10     | Noticed Fannar
  9646 | D:10     | Noticed a centaur warrior
  9646 | D:10     | Noticed an ogre mage
  9662 | D:10     | HP: 8/104 [ice beast[Fannar] (4)]
  9662 | D:10     | Slain by an ice beast

Illustrated notes

Levels and vault maps discovered:
D:1:      tekkud_arrival_beachfront_property, layout_basic
D:2:      layout_basic, minivault_23, uniq_robin, uniq_jessica
D:3:      layout_loops_ring, lemuel_round_altar, gammafunk_ghost_cemetery
D:4:      layout_rooms, hex_intersection, uniq_natasha, uniq_edmund, uniq_ijyb
D:5:      layout_rooms, minmay_overflow_temple_star_hex,
          minmay_temple_entry_water_ring
D:6:      layout_cave_pools, mainiacjoe_overflow_small_starburst,
          uniq_eustachio, uniq_grinder
D:7:      layout_gridville, minmay_misc_feat_chi, uniq_menkaure
D:8:      layout_basic, mainiacjoe_overflow_divided_tiny
D:9:      layout_roguey, lemuel_tele_altar, grunt_lair_entry_orc_guard_hut,
          serial_shops, shop, grunt_decor_arrowhead, serial_bayou_pond_b,
          uniq_grum
D:10:     regret_index_early_branch_jog, layout_small_grid, zin_angel,
          pdpol_wu_jian_five_deadly_venoms, nicolae_shop_gadgets, uniq_harold,
          uniq_psyche, uniq_fannar
Temple:   dpeg_chambers_temple

Skill      XL: |  1  2  3  4  5  6  7  8  9 10 11 |
---------------+----------------------------------+-----
Armour         | 4 5 6 7 9 10 12 | 12.0
Fighting       | 4 5 6 8 9 10 12 | 12.1
Axes           | 3 4 5 6 7 9 10 11 | 11.7
Maces & Flails | 1 3 5 6 8 10 11 | 11.3
Shields        | |  3.9

Action                     |  1- 3 |  4- 6 |  7- 9 | 10-12 || total
---------------------------+-------+-------+-------+-------++-------
  Melee: War axe           |    41 |       |       |       ||    41
         Headbutt          |     5 |    11 |    36 |    71 ||   123
         Mace              |    24 |    70 |       |       ||    94
         Dire flail        |       |    26 |   210 |   278 ||   514
    Use: Scroll            |       |       |       |     2 ||     2
 Armour: Scale mail        |    62 |     1 |       |       ||    63
         Chain mail        |       |   115 |   216 |   259 ||   590
  Dodge: Dodged            |    48 |    64 |   101 |   103 ||   316
  Block: Buckler           |    13 |    28 |       |       ||    41

Table legend: (Time is in decaauts)
 A = Elapsed time spent in this place.
 B = Non-inter-level travel time spent in this place.
 C = Inter-level travel time spent in this place.
 D = Time resting spent in this place.
 E = Time spent auto-exploring this place.
 F = Levels seen in this place.
 G = Mean time per level.
                   A        B        C        D        E       F      G
               +--------+--------+--------+--------+--------+-----+--------+
         Total |   9687 |   9256 |    431 |    979 |   6432 |  11 |  880.6 |
       Dungeon |   9531 |   9114 |    417 |    979 |   6432 |  10 |  953.1 |
        Temple |    155 |    142 |     13 |      0 |      0 |   1 |  155.0 |
               +--------+--------+--------+--------+--------+-----+--------+

Top non-repeatable levels by time:
     D:8: 1422 daAuts
     D:7: 1201 daAuts
    D:10: 1160 daAuts
     D:1: 936 daAuts
     D:2: 916 daAuts
     D:9: 906 daAuts
     D:5: 819 daAuts
     D:3: 791 daAuts
     D:4: 743 daAuts
     D:6: 633 daAuts
  Temple: 155 daAuts
